 Dungeon Crawl Stone Soup version 0.29.1-2-gbd0b4ee654 (webtiles) character file.

Game seed: 10833581625996342369

112 Sabo the Chopper (level 4, -5/61 HPs)
             Began as a Minotaur Berserker on Oct 26, 2022.
             Was a Believer of Trog.
             Slain by Duvessa
             ... wielding a +0 rapier
              (8 damage)
             ... on level 4 of the Dungeon.
             The game lasted 00:12:25 (2964 turns).

Sabo the Chopper (Minotaur Berserker)               Turns: 2964, Time: 00:12:26

Health: -5/61      AC:  7    Str: 23    XL:     4   Next: 63%
Magic:  3/3        EV: 10    Int:  4    God:    Trog [**....]
Gold:   174        SH:  0    Dex: 10    Spells: 3/3 levels left

rFire   . . .      SeeInvis .   t - +0 war axe
rCold   . . .      Faith    .   w - orb {mayhem}
rNeg    . . .      Spirit   .   k - +0 scale mail
rPois   .          Reflect  .   (helmet restricted)
rElec   .          Harm     .   (no cloak)
rCorr   +          Rampage  .   (no gloves)
Will    .....                   (no boots)
Stlth   ..........              (no amulet)
HPRegen 0.20/turn               j - ring of resist corrosion
MPRegen 0.08/turn               (no ring)

@: berserking, very quick
A: horns 2, retaliatory headbutt
a: Renounce Religion, Berserk, Trog's Hand


You were on level 4 of the Dungeon.
You worshipped Trog.
Trog was pleased with you.
You visited 1 branch of the dungeon, and saw 4 of its levels.

You collected 174 gold pieces.

Inventory:

Hand Weapons
 e - a +0 sling
 t - a +0 war axe (weapon)
Missiles
 n - 6 boomerangs (quivered)
 r - 2 poisoned darts
Armour
 k - a +0 scale mail (worn)
 w - an orb of mayhem (worn)
Jewellery
 j - a ring of resist corrosion (left hand)
Scrolls
 a - a scroll of poison {unknown}
 c - a scroll of immolation {unknown}
 h - a scroll of brand weapon {unknown}
 l - a scroll of teleportation {unknown}
 m - a scroll of enchant armour {unknown}
 p - a scroll of identify {unknown}
 q - a scroll of amnesia {unknown}
 v - a scroll of fear {unknown}
 x - a scroll of magic mapping {unknown}
Potions
 b - a potion of flight {unknown}
 d - a potion of brilliance {unknown}
 f - a potion of mutation {unknown}
 g - a potion of resistance {unknown}
 i - a potion of attraction {unknown}
 o - a potion of lignification {unknown}
 s - a potion of ambrosia {unknown}
 u - 2 potions of heal wounds {unknown}


   Skills:
 + Level 4.5 Fighting
 + Level 4.8 Axes
 + Level 3.9 Armour
 + Level 2.5 Dodging


You had 3 spell levels left.
You didn't know any spells.
Your spell library was empty.

Dungeon Overview and Level Annotations

Branches:
Dungeon (4/15)
 Temple: D:4-7

Altars:
Ashenzari

Shops:
D:3 (

Annotations:
D:4 Dowan, Duvessa


Innate Abilities, Weirdness & Mutations

You have a pair of horns on your head.
You reflexively headbutt those who attack you in melee.


Message History

Duvessa hits you with a +0 rapier. Dowan gestures at you while chanting.
The puff of frost hits you!
You hit Duvessa.
Duvessa is lightly wounded.
A hobgoblin comes into view.
Duvessa hits you but does no damage.
A red film seems to cover your vision as you go berserk!
You feel yourself moving faster!
You feel mighty!
The hobgoblin shouts!
You hear a shout!
Dowan hits you but does no damage. Duvessa hits you but does no damage.
You hit Duvessa.
Duvessa is moderately wounded.
You barely miss Dowan. Dowan hits you but does no damage.
The kobold throws a stone.
The stone misses you.
The stone closely misses Dowan.
Duvessa hits you with a +0 rapier!
You barely miss Duvessa.
Duvessa is moderately wounded.
You barely miss Dowan. Duvessa hits you with a +0 rapier.
Dowan hits you with a +0 dagger.
You slash Duvessa!
Duvessa is heavily wounded.
You hit Dowan. You barely miss Duvessa.
Duvessa is heavily wounded.
You hit Dowan. Duvessa hits you with a +0 rapier!
* * * LOW HITPOINT WARNING * * *
Dowan hits you with a +0 dagger.
* * * LOW HITPOINT WARNING * * *
You barely miss Duvessa.
Duvessa is heavily wounded.
You hit Dowan.
Dowan points at Duvessa and mumbles some strange words.
Duvessa seems to speed up.
The kobold throws a stone.
The stone hits you but does no damage. Duvessa hits you with a +0 rapier.
* * * LOW HITPOINT WARNING * * *
You hit Duvessa but do no damage.
Duvessa is heavily wounded.
You hit Dowan. Duvessa hits you with a +0 rapier!
You die...

... ##.......
.... ##.........
....##........>.
...<............
................
.......<........
##....g.........
#..............
#....K.@e......
#.......e......#
.......>......##
#.............#
#########....#..
##### #


You could see Duvessa (fast), Dowan, a hobgoblin and a kobold.

Vanquished Creatures
  An orc priest (D:3)
  An adder (D:2)
  3 worms
  A dart slug (D:1)
  3 orcs (D:3)
  8 bats
  5 endoplasms
  2 giant cockroaches
  6 goblins
  6 hobgoblins
  4 quokkas
  7 ball pythons
  2 frilled lizards
  3 kobolds
  6 rats
58 creatures vanquished.

Notes
Turn   | Place    | Note
-------+----------+-------------------------------------------
     0 | D:1      | Sabo the Minotaur Berserker began the quest for the Orb.
     0 | D:1      | Reached XP level 1. HP: 19/19 MP: 0/0
   283 | D:1      | Reached XP level 2. HP: 27/27 MP: 1/1
   688 | D:1      | Reached ** piety under Trog
  1143 | D:2      | Reached XP level 3. HP: 33/33 MP: 2/2
  1846 | D:2      | Found a faded altar of an unknown god.
  2141 | D:3      | Found Hipluv's Weapon Shoppe.
  2463 | D:3      | Reached XP level 4. HP: 40/41 MP: 3/3
  2520 | D:3      | Found a broken altar of Ashenzari.
  2952 | D:4      | Noticed Duvessa
  2952 | D:4      | Noticed Dowan
  2963 | D:4      | HP: 3/61 [Duvessa/+0 rapier (5)]
  2964 | D:4      | Slain by Duvessa

Illustrated notes

Levels and vault maps discovered:
D:1:      mrwooster_arrival_statue_3, layout_loops_ring
D:2:      layout_loops_corners, shapermc_ecumenical_altar_mp_highgroup
D:3:      layout_rooms, mainiacjoe_overflow_boulevard, serial_shops,
          nicolae_shop_hallway_stairs
D:4:      layout_cave_pods, general_overflow_altar,
          gammafunk_ghost_nasty_kobolds, uniq_duvessa

Skill      XL: |  1  2  3 |
---------------+----------+-----
Axes           | 4 |  4.8
Fighting       | 4 |  4.5
Armour         | 3 |  3.9
Dodging        | |  2.5

Action                   |  1- 3 |  4- 6 || total
-------------------------+-------+-------++-------
Melee: Hand axe          |    93 |     8 ||   101
       Headbutt          |    17 |     4 ||    21
       War axe           |       |    10 ||    10
Invok: Berserk           |       |     2 ||     2
  Use: Scroll            |     1 |       ||     1
Armor: Ring mail         |    11 |       ||    11
       Scale mail        |    29 |    12 ||    41
Dodge: Dodged            |    57 |     8 ||    65
